 Dungeon Crawl Stone Soup version 0.17-a0-1621-gfc7a675 (webtiles) character file.

5235 PabloWablo the Severer (level 10, -6/81 HPs)
             Began as a Deep Dwarf Fighter on July 31, 2015.
             Was a Follower of Makhleb.
             Mangled by a troll (9 damage)
             ... on level 9 of the Dungeon on Aug 2, 2015.
             The game lasted 00:57:52 (6944 turns).

PabloWablo the Severer (Deep Dwarf Fighter)         Turns: 6944, Time: 00:57:52

Health: -6/81      AC: 14    Str: 23    XL:     10   Next: 35%
Magic:  13/13      EV:  4    Int:  9    God:    Makhleb [*.....]
Gold:   286        SH:  9    Dex: 12    Spells: 0 memorised, 9 levels left

rFire  . . .     SeeInvis .     a - +1 war axe
rCold  . . .     Clarity  +     j - +0 plate armour
rNeg   . . .     SustAt   .     c - +0 shield
rPois  .         Gourm    .     u - +0 helmet
rElec  .         Spirit   .     (no cloak)
rCorr  .         Warding  .     C - +0 pair of gloves
rMut   .         Stasis   .     (no boots)
MR     ++...                    k - amulet of clarity
Stlth  ..........               y - ring of magical power
                                s - ring of protection from magic

@: non-regenerating, very resistant to hostile enchantments, extremely
unstealthy
A: damage resistance, recharge devices, talons 1, sense surroundings 2, slow
healing 3
a: Device Recharging, Renounce Religion


You were on level 9 of the Dungeon.
You worshipped Makhleb.
Makhleb was aware of your devotion.
You were not hungry.

You visited 2 branches of the dungeon, and saw 10 of its levels.

You collected 442 gold pieces.
You spent 156 gold pieces at shops.

Inventory:

Hand weapons
 a - a +1 war axe (weapon)
 x - a +1 scimitar of flaming
Missiles
 B - 195 stones (quivered)
Armour
 c - a +0 shield (worn)
 j - a +0 plate armour (worn)
 u - a +0 helmet (worn)
 C - a +0 pair of gloves (worn)
Jewellery
 k - an amulet of clarity (around neck)
 s - a ring of protection from magic (left hand)
 y - a ring of magical power (right hand)
Magical devices
 e - a wand of teleportation (0)
 h - a wand of heal wounds (4)
 i - a wand of invisibility (2)
 o - a wand of lightning (2)
 J - a wand of disintegration (0)
Scrolls
 d - 2 scrolls of enchant weapon
 g - 3 scrolls of recharging
 l - 4 scrolls of blinking
 p - a scroll of enchant armour {unknown}
 q - a scroll of fog
 t - a scroll of immolation
 v - 3 scrolls of remove curse
 E - 2 scrolls of teleportation
 H - 3 scrolls of identify
Potions
 m - a potion of lignification
 n - a potion of might
 z - a potion of haste
 D - a potion of mutation
 F - a potion of degeneration {unknown}
 G - 3 potions of flight {unknown}
Comestibles
 b - 7 chunks of flesh
 f - 8 bread rations
 r - 2 slices of pizza
 w - 19 fruits
 A - 7 meat rations
 I - 3 beef jerkies


   Skills:
 - Level 2.6 Fighting
 * Level 15.4 Axes
 + Level 5.4 Armour
 - Level 3.2 Shields


You had 9 spell levels left.
You didn't know any spells.

Dungeon Overview and Level Annotations

Branches:
Dungeon (9/15)             Temple (1/1) D:7
   Lair: D:8-11         Orc: D:9-12

Altars:
Ashenzari
Cheibriados
Dithmenos
Elyvilon
Fedhas
Gozag
Kikubaaqudgha
Makhleb
Nemelex Xobeh
Okawaru
Qazlal
Ru
Sif Muna
Trog
Vehumet
Xom
Yredelemnul
Zin
The Shining One

Shops:
D:4 *   D:7 }


Innate Abilities, Weirdness & Mutations

You are resistant to damage.
You can recharge devices by infusing magical energy.
You passively map the area around you.
You do not heal naturally.
You have sharp toenails.


Message History

The troll is blasted.
Evoking this partially-identified wand wasted a few charges.
The troll bites you. You block the troll's attack.
The troll claws you but does no damage.
Evoke which item? (* to show all) (? for menu, Esc to quit)
Zapping:
J - a wand of disintegration {zapped: 5} (will waste charges)
Press: ? - help, Shift-Dir - straight line, f/p - troll
Aim: a troll (heavily wounded, chance to defeat MR: 65%)
The troll is blasted.
Evoking this partially-identified wand wasted a few charges.
You block the troll's attack. The troll claws you.
* * * LOW HITPOINT WARNING * * *
The troll claws you.
* * * LOW HITPOINT WARNING * * *
Evoke which item? (* to show all) (? for menu, Esc to quit)
Zapping:
J - a wand of disintegration {zapped: 7} (will waste charges)
Press: ? - help, Shift-Dir - straight line, f/p - troll
Aim: a troll (severely wounded, chance to defeat MR: 65%) Nothing appears to happen.
The troll bites you!
You die...

....#...... , ,
........... ##...## *
...........,,.....
รท#..##..# **#.... #
.[......#,,###.... .#
** .##<.#..# .....#
..# , .##.....#..*
#...##..###
.##..#..#..#
#..T!...... *
.##..#..#..###..@..).#
.....................#
* ,,
.###.##....###...##..#
.###.##....###...# ,.#
, .................##.
# ,
.#.#.##....))........
............)....##..#
* ,
.#.##.#..#.###.#..# .#
, .#.##.#.............
# *


You could see a troll.

Vanquished Creatures
  Erica (D:8)
  The ghost of FIQ the Skirmisher, an experienced DsCK of Xom (D:6)
  Joseph (D:7)
  A troll (D:7)
  Grinder (D:5)
  A spriggan (D:7)
  Eustachio (D:5)
  The ghost of Azru the Ogre Mage, an average OgCj (D:4)
  A steam dragon (D:7)
  A hungry ghost (D:7)
  Edmund (D:5)
  2 orc warriors
  3 ice beasts
  2 black bears (D:7)
  3 sky beasts
  2 phantoms (D:7)
  2 centaurs (D:7)
  2 giant frogs
  3 electric eels (D:8)
  A crimson imp (D:7)
  4 hounds
  A centaur zombie (D:7)
  5 worker ants
  A giant frog skeleton (D:4)
  3 orc priests
  A centaur skeleton (D:4)
  2 jellies
  Jessica (D:2)
  Terence (D:2)
  Natasha (twice) (D:2)
  9 orc wizards
  3 hound skeletons
  A worker ant zombie (D:6)
  4 gnolls (D:5)
  8 adders
  An ooze (D:4)
  2 worms (D:3)
  5 giant geckos
  24 orcs
  2 ball pythons (D:3)
  5 giant cockroaches
  11 goblins
  7 hobgoblins
  3 kobolds
  13 bats
  A giant gecko skeleton (D:4)
  3 giant newts (D:2)
  4 jackals (D:7)
  6 quokkas
  8 rats
172 creatures vanquished.

Notes
Turn   | Place    | Note
--------------------------------------------------------------
     0 | D:1      | PabloWablo the Deep Dwarf Fighter began the quest for the Orb.
     0 | D:1      | Reached XP level 1. HP: 20/20 MP: 1/1
   404 | D:1      | Reached XP level 2. HP: 27/27 MP: 2/2
   722 | D:2      | Found an ancient bone altar of Kikubaaqudgha.
   732 | D:2      | Noticed Natasha
   733 | D:2      | Noticed Jessica
   741 | D:2      | Killed Natasha
   741 | D:2      | Reached skill level 4 in Axes
   741 | D:2      | Reached XP level 3. HP: 33/33 MP: 3/3
   749 | D:2      | Killed Jessica
   861 | D:2      | Reached XP level 4. HP: 26/40 MP: 4/4
   899 | D:2      | Noticed Terence
   909 | D:2      | Killed Terence
   909 | D:2      | Reached skill level 5 in Axes
  1325 | D:2      | Noticed Natasha
  1334 | D:2      | Killed Natasha
  1400 | D:3      | Reached XP level 5. HP: 28/46 MP: 5/5
  1404 | D:3      | Reached skill level 6 in Axes
  1544 | D:3      | Found a faded altar to an unknown god.
  2091 | D:4      | Reached skill level 7 in Axes
  2091 | D:4      | Reached XP level 6. HP: 35/55 MP: 2/6
  2179 | D:4      | Gained mutation: You have sharp toenails. [potion of beneficial mutation]
  2196 | D:4      | Noticed Azru's ghost (average OgCj)
  2211 | D:4      | Killed Azru's ghost
  2211 | D:4      | Reached skill level 8 in Axes
  2272 | D:4      | Found Utwikaed's Assorted Antiques.
  2281 | D:4      | Bought a scroll of identify for 52 gold pieces
  2281 | D:4      | Bought a scroll labeled PUTHRU OLIMUCS for 26 gold pieces
  2284 | D:4      | Bought a scroll labeled USUMOK AHOGGUO for 26 gold pieces
  2421 | D:4      | Reached XP level 7. HP: 16/61 MP: 7/7
  2911 | D:5      | Entered Level 5 of the Dungeon
  3037 | D:5      | Reached skill level 9 in Axes
  3177 | D:5      | Noticed Grinder
  3204 | D:5      | Killed Grinder
  3215 | D:5      | Noticed Edmund
  3226 | D:5      | Killed Edmund
  3226 | D:5      | Reached skill level 10 in Axes
  3292 | D:5      | Noticed Eustachio
  3311 | D:5      | Killed Eustachio
  3311 | D:5      | Reached XP level 8. HP: 28/68 MP: 8/8
  3348 | D:5      | Reached skill level 11 in Axes
  3847 | D:6      | Noticed FIQ's ghost (experienced DsCK)
  3909 | D:6      | Killed FIQ's ghost
  3909 | D:6      | Reached skill level 12 in Axes
  4069 | D:6      | Found a glowing silver altar of Zin.
  4070 | D:6      | Found a shattered altar of Ashenzari.
  4071 | D:6      | Found a sacrificial altar of Ru.
  4071 | D:6      | Found a radiant altar of Vehumet.
  4071 | D:6      | Found a basalt altar of Yredelemnul.
  4154 | D:6      | Found a blossoming altar of Fedhas.
  4186 | D:6      | Found a white marble altar of Elyvilon.
  4310 | D:6      | Found a white marble altar of Elyvilon.
  4889 | D:7      | Gained mutation: You passively map the area around you. [Deep Dwarf growth]
  4889 | D:7      | Reached XP level 9. HP: 48/74 MP: 8/8
  4902 | D:7      | Noticed Joseph
  5037 | D:7      | Reached skill level 13 in Axes
  5055 | D:7      | Found Aluxia's Quality Used Wands.
  5094 | D:7      | Bought a wand of invisibility (0) for 52 gold pieces
  5256 | D:7      | Killed Joseph
  5321 | D:7      | Reached skill level 14 in Axes
  5335 | D:7      | Found a staircase to the Ecumenical Temple.
  5346 | Temple   | Entered the Ecumenical Temple
  5466 | Temple   | Became a worshipper of Makhleb the Destroyer
  5889 | D:7      | Got a smoking arbalest
  6279 | D:8      | Reached XP level 10. HP: 40/81 MP: 5/5
  6358 | D:8      | HP: 2/81 [electric eel/bolt of electricity (6)]
  6424 | D:8      | Acquired Makhleb's first power
  6444 | D:8      | Noticed Erica
  6469 | D:8      | Killed Erica
  6469 | D:8      | Reached skill level 15 in Axes
  6469 | D:8      | Reached skill level 5 in Armour
  6675 | D:8      | Upgraded the game from 0.17-a0-1596-g1e86911 to 0.17-a0-1621-gfc7a675
  6943 | D:9      | HP: 3/81 [troll (5)]
  6944 | D:9      | Mangled by a troll

Vault maps used:
D:1:      evilmike_arrival_plus
D:2:      lemuel_crystal_altar, uniq_terence, uniq_jessica, uniq_natasha
D:3:      ecumenical_altar_2
D:4:      serial_shops, nicolae_shop_overgrown_old_shop, first_bread,
          roderic_batcave, minmay_liquid_box, grunt_decor_mini_mirrors
D:5:      serial_curves, eino_curves_04, eino_curves_03, eino_curves_04,
          st_stairs_12, uniq_edmund, uniq_grinder, uniq_eustachio
D:6:      grunt_temple_overflow_open, elyvilon_altar_4, basic_altar,
          fedhas_altar_fruit_tree
D:7:      minmay_temple_entry_overgrown, the_bakery, nicolae_for_you_no_charge,
          uniq_joseph
D:8:      serial_bayou, serial_bayou_pond_c, serial_bayou_pond_a,
          serial_bayou_lake_a, serial_bayou_pond_e, uniq_erica
D:9:      kennysheep_kobold_camp
Temple:   circular_temple_pool_12

Action                   |  1- 3 |  4- 6 |  7- 9 | 10-12 || total
-------------------------+-------+-------+-------+-------++-------
Melee: War axe           |    51 |   195 |   409 |    89 ||   744
Throw: Stone             |       |       |    33 |       ||    33
 Abil: Device Recharging |       |       |     5 |     1 ||     6
Evoke: Wand              |       |     2 |    33 |     9 ||    44
  Use: Scroll            |       |    11 |     9 |       ||    20
       Potion            |       |     2 |     6 |     3 ||    11
 Stab: Invisible         |       |       |    15 |     3 ||    18
       Distracted        |       |       |     1 |       ||     1
       Confused          |       |       |     1 |       ||     1
  Eat: Chunk             |       |     5 |    10 |     1 ||    16
       Beef jerky        |       |       |     3 |       ||     3
